[Event "*** Titled Tuesday Blitz"]
[Site "Chess.com"]
[Date "2020.11.10"]
[Round "4"]
[White "sorito"]
[Black "Sacbutt"]
[Result "1-0"]
[WhiteElo "2468"]
[BlackElo "2298"]
[TimeControl "180+1"]
[EndTime "10:42:52 PST"]
[Termination "sorito won on time"]

1. Nf3 e6 2. d3 d5 3. Nbd2 Nf6 4.
e4 Be7 5. c3 O-O 6. Be2 c5 7.
O-O Nc6 8. a3 b5 9. b4 dxe4 10.
dxe4 c4 11. a4 Ba6 12. axb5 Bxb5 13. Qc2 Qc7 14. h3 a5 15. bxa5 Nxa5 16. Re1 Rfb8 17. Nd4 Ba6 18. e5 Nd5 19. Bf3 Bc5 20. Bxd5 exd5 21.
Nf5 Nb3 22. Rb1 Nxc1 23. Rxb8+ Rxb8 24. Qxc1 Qb6 25. Nf3 Bxf2+ 26. Kh2 Bxe1 27. Qg5 Kf8 28. Qxg7+ Ke8 29. Nd6+ Kd7 30. Nxe1 Kc6 31. Nf3 Rd8 32. Qf6 Kc7 33. Nd4 Rxd6 34. exd6+ Qxd6+ 35. Qxd6+ Kxd6 36. Kg3 Ke5 37. Kf3 Bc8 38. Nc6+ Kd6 39. Nd4 Ke5 40. Ke3 Be6 41. g3 f5 42. Nf3+ Kf6 43.
Kf4 Bf7 44. Nd4 Bg6 45. Nb5 Bf7 46. h4 h6 47. Nd4 Bg6 48. Nf3 Bf7 49. Ne5 Be6 50.
Nc6 Bf7 51. Nb4 d4 52. cxd4 c3 53. d5 Ke7 54. Ke5 Kd7 55. Kxf5 Bxd5 56. Kg6 c2 57. Nxc2 Bb3 58. Nd4 Bc4 59. Kxh6 Kd6 60. g4 Ke5 61.
Nc2 Bd3 62. Nb4 Kf6 63. g5+ Kf7 64. Nxd3 1-0

[Event "*** Titled Tuesday Blitz"]
[Site "Chess.com"]
[Date "2020.11.10"]
[Round "4"]
[White "Kazmin_Dmitrij"]
[Black "Shuvalov"]
[Result "1/2-1/2"]
[WhiteElo "2271"]
[BlackElo "2441"]
[TimeControl "180+1"]
[EndTime "10:42:52 PST"]
[Termination "Game drawn by repetition"]

1. e4 e6 2. Nf3 d5 3. e5 c5 4. b4 cxb4 5. a3 Bd7 6. axb4 Bxb4 7. c3 Ba5 8. d4 Qb6 9. Bd3 Bb5 10. O-O Nc6 11. Bxb5 Qxb5 12. Na3 Qb6 13. Rb1 Qc7 14. Nb5 Qd8 15. Nd6+ Kf8 16. Nxb7 Qc7 17. Ba3+ Nge7 18. Bd6 Qc8 19. Nxa5 Nxa5 20. Qa4 Nc4 21. Rb3 Nxd6 22. exd6 Ng6 23. Rfb1 h6 24. d7 Qd8 25. Qc6 Kg8 26. h4 Kh7 27. h5 Ne7 28. Qd6 Nf5 29.
Qc6 a5 30. Ne5 Rf8 31. g4 Ne7 32. Qd6 a4 33. Ra3 f6 34. Nc6 Nxc6 35. Qxc6 Ra7 36.
Rb7 Rxb7 37. Qxb7 Rf7 38. Rxa4 Qxd7 39. Qxd7 Rxd7 40. Ra6 e5 41. Kg2 Rc7 42. dxe5 fxe5 43. Rd6 Rxc3 44. Rxd5 Rc4 45. f3 e4 46. fxe4 Rxe4 47.
Kf3 Re6 48. Rf5 Kg8 49. Kf4 Re1 50. Kf3 Rf1+ 51. Ke4 Rg1 52. Kf4 Rc1 53. Ke4 Rc3 54. Kf4 Rb3 55. Ke4 Rb2 56. Kf4 Rf2+ 57. Ke4 Re2+ 58.
Kf4 Re7 59. Kf3 Rf7 60. Rxf7 Kxf7 61. Ke4 Ke6 62. Kf4 Kf6 63. Kf3 Ke5 64. Ke3 Ke6 65. Ke4 Kf6 66. Kf4 Ke6 67. Ke4 Kf6 68. Kf4 Ke6 69. Ke4 1/2-1/2

[Event "*** Titled Tuesday Blitz"]
[Site "Chess.com"]
[Date "2020.11.10"]
[Round "4"]
[White "banane_verte"]
[Black "yuki_chess123"]
[Result "0-1"]
[WhiteElo "2393"]
[BlackElo "2212"]
[TimeControl "180+1"]
[EndTime "10:42:52 PST"]
[Termination "yuki_chess123 won by checkmate"]

1. e4 g6 2. d4 Bg7 3. Nc3 c6 4.
Bc4 d6 5. Be3 Nf6 6. f3 d5 7.
Bd3 dxe4 8. fxe4 Ng4 9. Bd2 Bxd4 10. Nh3 e5 11. Qf3 Qh4+ 12. Ke2 Nxh2 13. Rxh2 Bg4 14. Ng1 Qf2+ 15. Kd1 Qxg1+ 16. Ke2 Bxf3+ 17. Kxf3 Qxh2 18. Ne2 Qh4 19. Nxd4 exd4 20. Rf1 Nd7 21. g3 Ne5+ 22. Kg2 Qe7 23. Be2 O-O 24. Bh6 Rad8 25. Kg1 c5 26. Kg2 c4 27. Bd1 d3 28. Rf2 dxc2 29. Bxc2 Nd3 30.
Re2 Rfe8 31. b3 Ne5 32. bxc4 Nxc4 33. Bb3 b5 34. a4 a6 35. axb5 axb5 36. Bc1 Rd4 37.
Bc2 f5 38. Kh2 Rxe4 39. Bxe4 fxe4 40. Bf4 g5 41. Bc1 e3 42. Kg2 Qe4+ 43. Kh2 Qf3 44. Rg2 Qxg2+ 45. Kxg2 e2 46. Bd2 Nxd2 47. Kh3 e1=Q 48. Kg4 Qe4+ 49. Kh3 g4+ 50. Kh4 Nf3+ 51. Kh5 Re5+ 52. Kh6 Qg6# 0-1

[Event "*** Titled Tuesday Blitz"]
[Site "Chess.com"]
[Date "2020.11.10"]
[Round "4"]
[White "azikom"]
[Black "ChristopherYoo"]
[Result "1/2-1/2"]
[WhiteElo "2562"]
[BlackElo "2842"]
[TimeControl "180+1"]
[EndTime "10:42:53 PST"]
[Termination "Game drawn by repetition"]

1. d4 Nf6 2. Nf3 g6 3. Nbd2 c5 4. e3 b6 5. b3 Bg7 6. Bb2 O-O 7. Be2 Bb7 8. O-O Ne4 9. Nxe4 Bxe4 10. c4 Nc6 11. Qd2 d6 12. d5 Bxb2 13. Qxb2 Bxf3 14. Bxf3 Ne5 15. Be2 Re8 16. f4 Nd7 17. Rad1 Qc7 18. Bf3 Rab8 19. a4 a6 20. Be2 e6 21. dxe6 Rxe6 22. Qd2 Rbe8 23. Bg4 f5 24. Bf3 Nf6 25.
Rfe1 Kg7 26. h3 Qe7 27. Kf2 h6 28. Qc3 Kh7 29. Rd3 g5 30. Red1 Ne4+ 31. Bxe4 fxe4 32. Rd5 gxf4 33. exf4 e3+ 34. Kg1 Qh4 35. Qd3+ Kh8 36. f5 Re4 37. Qc3+ Kh7 38. Rxd6 e2 39. Rd7+ R8e7 40.
Rxe7+ Rxe7 41. Re1 Re3 42. Qd2 Rxh3 43. Qd7+ Kh8 44.
Qe8+ Kh7 45. Qg6+ Kh8 46. Qe8+ Kh7 47. Qf7+ Kh8 48. Qf8+ Kh7 49. Qf7+ Kh8 50. Qf8+ Kh7 51. Qf7+ 1/2-1/2

[Event "*** Titled Tuesday Blitz"]
[Site "Chess.com"]
[Date "2020.11.10"]
[Round "4"]
[White "PSvidler"]
[Black "NikolaGry"]
[Result "1-0"]
[WhiteElo "2880"]
[BlackElo "2622"]
[TimeControl "180+1"]
[EndTime "10:42:55 PST"]
[Termination "PSvidler won on time"]

1. Nf3 c5 2. e4 Nf6 3. e5 Nd5 4.
Nc3 e6 5. Nxd5 exd5 6. d4 Nc6 7. dxc5 Bxc5 8. Qxd5 d6 9. exd6 Qb6 10. Qe4+ Be6 11. Bc4 Bxf2+ 12. Kf1 O-O-O 13. Bxe6+ fxe6 14. Qxe6+ Kb8 15. Bf4 Rhf8 16. g3 g5 17. Nxg5 Be3 18. Kg2 Bxf4 19. gxf4 Nd4 20. Qe7 Qc6+ 21. Kh3 Qxc2 22.
Qc7+ Qxc7 23. dxc7+ Kxc7 24. Rac1+ Kb6 25. Rhf1 h6 26. Ne4 Ne2 27. Rc2 Nxf4+ 28. Kg4 h5+ 29.
Kg3 Rd3+ 30. Kf2 Nd5+ 31. Kg1 Rxf1+ 32. Kxf1 Ne3+ 33. Ke2 Nxc2 34. Kxd3 Nb4+ 35. Kc4 Nxa2 36. h4 a5 37. Ng3 Nb4 38. Nxh5 Nc6 39. Nf6 Ne5+ 40. Kd5 Ng6 41. h5 Nf4+ 42. Kc4 Kc6 43. h6 b5+ 44. Kd4 Ng6 45. h7 a4 46. Kc3 Kc5 47.
Ne4+ Kd5 48. Nf2 Kc5 49. Nd3+ Kb6 50. Kb4 Nh8 51. Ne5 Ka6 52. Kc5 a3 53. bxa3 Ka5 54. Nc6+ Ka4 55. Nd4 Kxa3 56. Kxb5 Kb2 57. Kc4 Ka3 58. Ne6 Ka4 59. Kd5 Kb5 60. Kd6 Kc4 61.
Ke5 Kb5 62. Ng5 Kc6 63. Kf6 Kd6 64. Nf7+ 1-0

[Event "*** Titled Tuesday Blitz"]
[Site "Chess.com"]
[Date "2020.11.10"]
[Round "4"]
[White "JoakimVonAnd"]
[Black "ChelsieMonica"]
[Result "0-1"]
[WhiteElo "2465"]
[BlackElo "2343"]
[TimeControl "180+1"]
[EndTime "10:42:55 PST"]
[Termination "ChelsieMonica won by resignation"]

1. d4 f5 2. Nf3 e6 3. g3 Nf6 4. Bg2 Be7 5. O-O O-O 6. Nbd2 d5 7. c4 c6 8. b3 Ne4 9. Bb2 Nd7 10. Rc1 a5 11. Ne5 Nxe5 12. dxe5 Nxd2 13. Qxd2 dxc4 14.
Qxd8 Rxd8 15. bxc4 Bd7 16. Rfd1 Be8 17. Bc3 Rxd1+ 18.
Rxd1 Rd8 19. Rb1 b5 20. cxb5 cxb5 21. Bxa5 Rc8 22. Bf3 Rc2 23. Ra1 Bc5 24. a3 Bd4 25.
Rd1 Bxe5 26. Rd8 Kf7 27. Bb4 Rc7 28. h4 g6 29. Ra8 h5 30. Ra6 Bf6 31. Rb6 Bd4 32. Rb8 Be5 33. Kg2 f4 34. gxf4 Bxf4 35. e3 Be5 36. Be4 Bc6 37. Bxc6 Rxc6 38. Rxb5 Bf6 39.
Rb7+ Kg8 40. a4 Bxh4 41. a5 Ra6 42. Rb6 Rxb6 43. axb6 Bd8 44. b7 Bc7 45. f4 Kf7 46.
Kf3 Ke8 47. e4 Kd7 48. e5 Kc6 49. Be7 Kxb7 50. Bf6 Kc6 51. Kg3 Kd5 52. Kh4 Ke4 53. Kg5 h4 54. Kxh4 Kxf4 55. Bg5+ Kf5 56. Bf6 Bxe5 57.
Bd8 Bf6+ 58. Bxf6 Kxf6 59. Kg4 e5 60. Kg3 Kf5 61. Kf3 g5 62. Ke3 e4 63. Ke2 Ke5 64.
Kf2 Kd4 65. Kg2 Kd3 66. Kg3 e3 67. Kg4 Kd2 68. Kxg5 0-1

[Event "*** Titled Tuesday Blitz"]
[Site "Chess.com"]
[Date "2020.11.10"]
[Round "4"]
[White "Goryachkina"]
[Black "KuzubovYuriy"]
[Result "0-1"]
[WhiteElo "2592"]
[BlackElo "2833"]
[TimeControl "180+1"]
[EndTime "10:42:56 PST"]
[Termination "KuzubovYuriy won on time"]

1. e4 c6 2. d4 d5 3. exd5 cxd5 4. Bd3 g6 5. c3 Nh6 6. Nf3 Bg7 7. O-O Nc6 8. Re1 O-O 9. h3 Kh8 10. Bf4 f6 11. c4 dxc4 12. Bxc4 e5 13. Bxh6 Bxh6 14.
dxe5 fxe5 15. Qxd8 Rxd8 16. Nc3 Bf5 17. Nxe5 Nxe5 18.
Rxe5 Rac8 19. Be6 Bxe6 20. Rxe6 Rd2 21. Rae1 Rxb2 22. Re8+ Rxe8 23. Rxe8+ Kg7 24. Re7+ Kf8 25. Rd7 Bg7 26. Ne4 h6 27. a4 Rb4 28. Nc5 Be5 29.
Rxb7 Rxb7 30. Nxb7 Ke7 31. Kf1 Kd7 32. Nc5+ Kc6 33. Nd3 Bd6 34. f4 Kd5 35. Ke2 Ke4 36. g3 h5 37. h4 Kd4 38. Nf2 a5 39. Kf3 Kc4 40. Ne4 Bb4 41. g4 Kb3 42. f5 hxg4+ 43. Kxg4 gxf5+ 44. Kxf5 Kxa4 45. h5 Bf8 46. Kf6 Kb4 47.
Kf7 a4 48. Kxf8 a3 49. h6 a2 0-1

[Event "*** Titled Tuesday Blitz"]
[Site "Chess.com"]
[Date "2020.11.10"]
[Round "4"]
[White "bascheyaro"]
[Black "lolo9292"]
[Result "1-0"]
[WhiteElo "2740"]
[BlackElo "2535"]
[TimeControl "180+1"]
[EndTime "10:42:56 PST"]
[Termination "bascheyaro won by resignation"]

1. d4 Nf6 2. Bf4 g6 3. e3 Bg7 4. Nf3 d6 5. Be2 O-O 6. O-O Nbd7 7. h3 b6 8. a4 a6 9. a5 b5 10. b3 Bb7 11. c4 bxc4 12. bxc4 Nh5 13. Bh2 c5 14.
Nc3 Rb8 15. Qc2 cxd4 16. Nxd4 Nhf6 17. Rfb1 Nc5 18. Ra2 Qd7 19. Rab2 Rbc8 20. Rb6 Ba8 21. Qa2 Nfe4 22. Nxe4 Bxe4 23. Rc1 Rc7 24. Nb3 Na4 25. Rxa6 Nc3 26. Qd2 Nxe2+ 27. Qxe2 Rcc8 28. Rb6 Qa7 29. Bg3 Rc7 30. c5 Rfc8 31. Rd1 Qa8 32. f3 Bd5 33. cxd6 exd6 34. Bxd6 Rc2 35. Rd2 Rxd2 36. Qxd2 Bh6 37. Bf4 Bf8 38. Kh2 h6 39. e4 Be6 40. Nd4 Bd7 41. Nb5 Rd8 42. Nc7 Qc8 43. Nd5 Be6 44.
Rb8 Qxb8 45. Bxb8 Rxb8 46. Nf6+ Kh8 47. Qd4 Bg7 48. a6 Ra8 49. a7 h5 50. g4 hxg4 51.
hxg4 Rc8 52. g5 Bf8 53. Kg3 Bc5 54. Qb2 Bd6+ 55. e5 Bc7 56. Qh2+ Kg7 57. Qh7+ Kf8 58. Qh8+ Ke7 59. Qxc8 Bxc8 60. a8=Q Bxe5+ 61. f4 Be6 62. fxe5 1-0

[Event "*** Titled Tuesday Blitz"]
[Site "Chess.com"]
[Date "2020.11.10"]
[Round "4"]
[White "Hikaru"]
[Black "penguingm1"]
[Result "0-1"]
[WhiteElo "3199"]
[BlackElo "2844"]
[TimeControl "180+1"]
[EndTime "10:42:57 PST"]
[Termination "penguingm1 won by resignation"]

1. e4 e5 2. Nf3 Nc6 3. Bb5 g6 4. d4 exd4 5. Bg5 Be7 6. Bxc6 Bxg5 7. Bd5 Bf6 8. e5 Bg7 9. Qxd4 Ne7 10. O-O d6 11. Bb3 O-O 12. Qf4 Nc6 13. exd6 Bxb2 14. dxc7 Qf6 15. Qxf6 Bxf6 16. c3 Bf5 17. Na3 Rac8 18. Rad1 Rxc7 19. Nb5 Re7 20. h3 Be4 21. Nfd4 Nxd4 22. cxd4 a6 23. Nd6 Rd8 24. Nxe4 Rxe4 25. d5 Be7 26. Rc1 Bd6 27. Rc2 Rd7 28. g3 Kg7 29.
Rfc1 h5 30. h4 Ree7 31. Rc8 Rc7 32. R1xc7 Rxc7 33. Rd8 Be7 34. Re8 Bd6 35. Kg2 Kf6 36. Re3 b5 37. Rf3+ Ke7 38. Re3+ Kf8 39. Re2 a5 40.
Rc2 a4 41. Rxc7 Bxc7 42. Bc2 Ke7 43. Kf3 Kd6 44. Bd3 b4 45. Bc4 Bb6 46. Ke2 Kc5 47. Bd3 Kxd5 48. Bc2 b3 49. axb3 a3 50. Bb1 Kd4 51.
b4 Kc3 52. Ba2 f6 53. Bf7 Kxb4 54. Kd3 Bxf2 55. Kc2 Bxg3 56. Bxg6 Bxh4 57. Bxh5 f5 58. Bf7 f4 59. Kd3 f3 0-1

[Event "*** Titled Tuesday Blitz"]
[Site "Chess.com"]
[Date "2020.11.10"]
[Round "4"]
[White "Salem-AR"]
[Black "BocharovD"]
[Result "0-1"]
[WhiteElo "2915"]
[BlackElo "2772"]
[TimeControl "180+1"]
[EndTime "10:42:57 PST"]
[Termination "BocharovD won on time"]

1. d4 Nf6 2. c4 e6 3. Nc3 Bb4 4. e3 O-O 5. Bd3 d5 6. Nf3 b6 7.
O-O Ba6 8. cxd5 Bxd3 9. Qxd3 exd5 10. Bd2 c6 11. Ne5 Re8 12. Rac1 Bd6 13. f4 c5 14. Be1 c4 15. Qf5 Qc8 16. Qxc8 Rxc8 17. Bh4 Bb4 18. Bxf6 Bxc3 19. bxc3 gxf6 20. Ng4 Kg7 21. Rf3 f5 22. Nf2 Nc6 23. Rg3+ Kh8 24. Rb1 Rab8 25. Rg5 Ne7 26. Nh1 f6 27. Rh5 Kg7 28. Kf2 Kg6 29. Rh3 b5 30.
Rg3+ Kf7 31. Rh3 Kg6 32. Rg3+ Kf7 33. Rh3 Rh8 34. Ke2 a5 35. a3 h5 36. Ng3 Kg6 37.
Nf1 Nc6 38. Nd2 b4 39. axb4 axb4 40. cxb4 Nxb4 41. Nf3 Kf7 42. Ra1 Ra8 43. Rxa8 Rxa8 44. Rxh5 Ra2+ 45. Kd1 c3 46. Rh7+ Ke6 47. Rc7 c2+ 48.
Kd2 Ra1 49. Ne1 Rd1+ 50. Ke2 c1=Q 51. Rxc1 Rxc1 52. Kd2 Ra1 0-1

[Event "*** Titled Tuesday Blitz"]
[Site "Chess.com"]
[Date "2020.11.10"]
[Round "4"]
[White "Ural_bogatyr"]
[Black "Flawless_Fighter"]
[Result "1-0"]
[WhiteElo "2395"]
[BlackElo "2605"]
[TimeControl "180+1"]
[EndTime "10:42:59 PST"]
[Termination "Ural_bogatyr won on time"]

1. e4 c6 2. d4 d5 3. e5 Bf5 4.
Ne2 e6 5. Ng3 Bg6 6. h4 h6 7. h5 Bh7 8. Bd3 Bxd3 9. cxd3 Qb6 10. Be3 Qxb2 11. Nd2 Bb4 12. O-O Bxd2 13. Rb1 Qa3 14.
Qxd2 b5 15. f4 Ne7 16. f5 Nd7 17. Qe2 O-O-O 18. Bd2 Qxa2 19. Ra1 Qb2 20. Qe3 c5 21. dxc5 Qxe5 22. Qf2 Nc6 23. Ra6 Kb7 24. Rfa1 exf5 25.
Nxf5 Nf6 26. Nd6+ Rxd6 27. cxd6 d4 28. Bf4 Qc5 29. Rc1 Qxc1+ 30. Bxc1 Kxa6 31. Qa2+ Kb6 32. Qxf7 Rd8 33. Qc7+ Kc5 34. Bf4 Nd5 35. Qxg7 Nxf4 36. Qxh6 Nd5 37. Qg5 Rxd6 38. h6 Rd8 39. h7 Ne5 40.
Qg8 Rxg8 41. hxg8=Q Nxd3 42. Qc8+ Kb4 43. Qf5 Kc4 44.
Qc8+ Kb4 45. g4 Ne3 46. Qe6 Kc3 47. Qc6+ 1-0

[Event "*** Titled Tuesday Blitz"]
[Site "Chess.com"]
[Date "2020.11.10"]
[Round "4"]
[White "ehrenfeld"]
[Black "Basyak97"]
[Result "1-0"]
[WhiteElo "2500"]
[BlackElo "2332"]
[TimeControl "180+1"]
[EndTime "10:42:59 PST"]
[Termination "ehrenfeld won by resignation"]

1. e4 c5 2. Nc3 Nc6 3. Bb5 Nd4 4. Nf3 Nxb5 5. Nxb5 g6 6. d4 Bg7 7. O-O a6 8. Nc3 cxd4 9. Nxd4 d6 10. a4 Nf6 11.
h3 O-O 12. Be3 Bd7 13. Qd2 Rc8 14. Rad1 Re8 15. Rfe1 Qa5 16. Bg5 Rxc3 17. bxc3 Rc8 18. Nb3 Qxc3 19. e5 Ne8 20. exd6 exd6 21. Qxc3 Bxc3 22. Re7 Bxa4 23. Rxb7 Be5 24. Rd2 Bc6 25. Ra7 Bb5 26. Nd4 Bxd4 27. Rxd4 Rxc2 28. Bh6 Rc7 29. Rxc7 Nxc7 30. Rxd6 Ne6 31. Rb6 Nc7 32. Rb8+ Ne8 33. f4 f6 34. Kf2 Kf7 35. Rb7+ Ke6 36. Rxh7 a5 37. Ra7 a4 38. Bf8 Kf5 39. Ke3 g5 40. g4+ Ke6 41. f5+ Kd5 42. Be7 Kc4 43. Kf2 Kb3 44. Kg3 Bf1 45. h4 gxh4+ 46. Kxh4 Bd3 47.
g5 Bxf5 48. gxf6 Be6 49. Kg5 Bf7 50. Kf4 Bc4 51. Ke5 Kb2 52. Bc5 Kb3 53. f7 Bxf7 54. Rxf7 a3 1-0

[Event "*** Titled Tuesday Blitz"]
[Site "Chess.com"]
[Date "2020.11.10"]
[Round "4"]
[White "Witik"]
[Black "dennisodessa"]
[Result "1-0"]
[WhiteElo "2666"]
[BlackElo "2469"]
[TimeControl "180+1"]
[EndTime "10:43:01 PST"]
[Termination "Witik won by resignation"]

1. d4 e6 2. Bf4 Nf6 3. e3 c5 4. Nd2 Nc6 5. c3 b6 6. Ngf3 Bb7 7. Be2 Be7 8. h3 O-O 9. O-O d5 10. Ne5 Nxe5 11. Bxe5 Bd6 12. f4 Ne4 13. Nxe4 dxe4 14. c4 Bxe5 15. dxe5 Qxd1 16. Rfxd1 Rfd8 17. Kf2 Kf8 18. g4 Ke7 19. Kg3 Rxd1 20. Rxd1 Rd8 21. Rxd8 Kxd8 22.
f5 Ke7 23. Kf4 f6 24. Bd1 exf5 25. gxf5 g5+ 26. fxg6 hxg6 27. exf6+ Kxf6 28. h4 a6 29. Bc2 b5 30. Bxe4 Bc8 31. cxb5 axb5 32. a3 Be6 33.
Bc6 b4 34. axb4 cxb4 35. e4 Bb3 36. e5+ Kf7 37. Bd7 Ke7 38. Bg4 Kf7 39. Ke3 Ke7 40. Kd4 Bf7 41. Kc5 b3 42. Kd4 Bg8 43. Kc3 Bf7 44. Bd1 Bd5 45. Bxb3 Bxb3 46. Kxb3 Ke6 47.
Kc4 Kxe5 48. b4 Kf4 49. b5 Kg4 50. b6 Kxh4 51. b7 g5 52. b8=Q Kh3 53. Kd3 g4 54. Ke2 g3 55. Kf3 Kh4 56. Qxg3+ Kh5 57. Qg7 1-0

[Event "*** Titled Tuesday Blitz"]
[Site "Chess.com"]
[Date "2020.11.10"]
[Round "4"]
[White "pooh2012"]
[Black "Matveev_Vladimir"]
[Result "0-1"]
[WhiteElo "2479"]
[BlackElo "2676"]
[TimeControl "180+1"]
[EndTime "10:43:02 PST"]
[Termination "Matveev_Vladimir won by resignation"]

1. d4 Nf6 2. Nc3 d5 3. Bf4 c5 4. e3 cxd4 5. exd4 a6 6. Qd2 Bg4 7. f3 Bh5 8. g4 Bg6 9. h4 h6 10. Nge2 Nc6 11. a3 e6 12. Bg2 h5 13. g5 Nd7 14.
Bg3 Bf5 15. Bh3 Bxh3 16. Rxh3 g6 17. O-O-O Nb6 18. Qf4 Nc4 19. Qc7 Qxc7 20. Bxc7 Rc8 21. Bf4 b5 22. Kb1 Kd7 23. Rhh1 Be7 24. Nc1 Rhf8 25.
Nb3 f6 26. Rhg1 fxg5 27. Bxg5 Rxf3 28. Bxe7 Nxe7 29. Nc5+ Rxc5 30. dxc5 Rf4 31. Rh1 Kc6 32. Ne2 Re4 33. Nd4+ Kxc5 34. c3 e5 35. Nc2 Nf5 36.
Nb4 Nce3 37. Rde1 a5 38. Nd3+ Kd6 39. Nf2 Rf4 40. Nd3 Rc4 41. Rhg1 Ng4 42. Kc2 Nxh4 43.
Ref1 Ne3+ 44. Kd2 Nxf1+ 45. Rxf1 Nf5 46. Rg1 Ne7 47. Nf2 Rf4 48. Ke3 d4+ 49. cxd4 Nf5+ 50. Ke2 Nxd4+ 51. Ke3 Rf3+ 52. Ke4 Rxf2 53. Rxg6+ Kc5 54.
b4+ axb4 55. axb4+ Kxb4 56. Kxe5 Nf3+ 57. Ke4 h4 58.
Ke3 Ne5 59. Rg5 Rf3+ 60. Ke4 Rg3 61. Rxe5 h3 62. Kf4 h2 63. Rh5 Rg2 64. Kf3 Rb2 65.
Kg3 Ka3 66. Rxh2 Rxh2 67. Kxh2 0-1

[Event "*** Titled Tuesday Blitz"]
[Site "Chess.com"]
[Date "2020.11.10"]
[Round "4"]
[White "Jenia84"]
[Black "JozefKneht"]
[Result "0-1"]
[WhiteElo "2317"]
[BlackElo "2518"]
[TimeControl "180+1"]
[EndTime "10:43:02 PST"]
[Termination "JozefKneht won by checkmate"]

1. Nf3 Nf6 2. b3 d5 3. Bb2 e6 4. e3 Be7 5. c4 O-O 6. Nc3 c5 7.
cxd5 exd5 8. d4 Nc6 9. Be2 Bg4 10. O-O Bxf3 11. Bxf3 cxd4 12. exd4 Qd7 13. Re1 Rfe8 14.
h3 Rad8 15. Qd2 Bb4 16. a3 Ne4 17. Bxe4 Bxc3 18. Bxh7+ Kxh7 19. Bxc3 Kg8 20. Qd3 a6 21. a4 Re7 22. Rxe7 Nxe7 23. Re1 Ng6 24. Ba5 Rc8 25. Qf3 Rc6 26. Qg3 Nf8 27. Bb4 Ne6 28. Qg4 b6 29. g3 a5 30. Bd2 Qc8 31. Bh6 Qd7 32. Re5 Rd6 33. h4 Kf8 34. Bd2 Rc6 35. Rh5 Rc2 36. Bg5 f6 37. Bxf6 Rc1+ 38. Kh2 Kf7 39. Be5 Qe7 40. Rf5+ Kg8 41. Qg6 Rc6 42. Rh5 Nf8 43. Qxc6 Qf7 44. f4 Qxh5 45. Qxd5+ Kh7 46. Qe4+ Kg8 47. d5 Qd1 48. d6 Qd2+ 49. Qg2 Qd3 50. Qb2 Nd7 51. Kh3 Nc5 52. Bxg7 Ne4 53. Qe5 Qxg3# 0-1

[Event "*** Titled Tuesday Blitz"]
[Site "Chess.com"]
[Date "2020.11.10"]
[Round "4"]
[White "Infernal_XaM"]
[Black "Sibelephant"]
[Result "1-0"]
[WhiteElo "2835"]
[BlackElo "3080"]
[TimeControl "180+1"]
[EndTime "10:43:03 PST"]
[Termination "Infernal_XaM won by checkmate"]

1. d4 d5 2. c4 c6 3. Nf3 Nf6 4. Nc3 e6 5. e3 Nbd7 6. Qc2 Bd6 7. g4 Bb4 8. Bd2 b6 9. Bd3 dxc4 10. Bxc4 Bb7 11.
g5 c5 12. gxf6 Qxf6 13. Ne5 Bxh1 14. Bb5 O-O-O 15. Nxd7 Rxd7 16. Bxd7+ Kxd7 17. Qa4+ Kc8 18. Qxa7 Bxc3 19. Bxc3 Bf3 20. Qxb6 Qg6 21. Qxc5+ Kb7 22. Qb5+ Ka8 23. Qa6+ Kb8 24. Bb4 Qg1+ 25. Qf1 Qxh2 26. Rc1 Qh1 27. Bd6+ Ka8 28. Qxh1 Bxh1 29. Rc7 h5 30. Rxf7 Bd5 31. Rxg7 h4 32. b4 h3 33. Bh2 Rc8 34. Kd2 Be4 35. Rc7 Rg8 36. Rf7 Rg2 37. Be5 h2 38. Bxh2 Rxh2 39. b5 Bg6 40.
Rf6 Bf5 41. Ke2 Bg4+ 42. Kd3 Bf5+ 43. Kc4 Bh3 44. Kc5 Kb7 45. Rf7+ Kc8 46. a4 Rh1 47. a5 Rc1+ 48. Kb6 Bf1 49. a6 Rb1 50. a7 Rxb5+ 51. Kc6 Rb7 52. Rf8# 1-0

[Event "*** Titled Tuesday Blitz"]
[Site "Chess.com"]
[Date "2020.11.10"]
[Round "4"]
[White "BogdanDeac"]
[Black "albi1999"]
[Result "1-0"]
[WhiteElo "2799"]
[BlackElo "2542"]
[TimeControl "180+1"]
[EndTime "10:43:03 PST"]
[Termination "BogdanDeac won by resignation"]

1. Nf3 d5 2. d4 Nf6 3. c4 e6 4. Nc3 c5 5. e3 Nc6 6. cxd5 exd5 7.
Bb5 cxd4 8. Nxd4 Bd7 9. Nf3 Be6 10. O-O Bd6 11. b3 O-O 12. Bb2 Qe7 13. Ne2 Rfd8 14.
Rc1 Rac8 15. Ng3 a6 16. Bxc6 bxc6 17. Nd4 Qd7 18. Qd3 c5 19. Ndf5 c4 20. Qb1 Bxg3 21.
Nxg3 Qe7 22. Qa1 Ne8 23. Ne2 Bf5 24. Nf4 f6 25. Rfd1 Qf7 26. Bd4 g5 27. Ne2 Bd3 28. Ng3 h5 29. f3 h4 30. Nh1 h3 31.
Nf2 hxg2 32. Nxd3 cxd3 33. Rxd3 Qh5 34. Rxc8 Rxc8 35. Qd1 Rc7 36. Rd2 Kf7 37. Rxg2 Ng7 38. Bb6 Rd7 39. Qe2 Nf5 40. f4 Qxe2 41. Rxe2 gxf4 42.
exf4 d4 43. Kf2 Rd6 44. Bc5 Rd5 45. b4 a5 46. a3 axb4 47. axb4 Kg6 48. Kf3 Kh5 49.
Ke4 d3 50. Rd2 1-0

[Event "*** Titled Tuesday Blitz"]
[Site "Chess.com"]
[Date "2020.11.10"]
[Round "4"]
[White "AungTZ"]
[Black "martynkovaelena"]
[Result "1-0"]
[WhiteElo "2109"]
[BlackElo "2252"]
[TimeControl "180+1"]
[EndTime "10:43:03 PST"]
[Termination "AungTZ won on time"]

1. e4 e5 2. Nf3 Nc6 3. d4 exd4 4. Nxd4 Bc5 5. Nb3 Bb6 6. a4 a6 7. Be2 Nf6 8. Nc3 d6 9. O-O h6 10. Kh1 O-O 11. f4 Re8 12. Bf3 Be6 13. Nd5 Bxd5 14. exd5 Ne7 15. c4 Nf5 16. Qd3 Ne3 17. Re1 Neg4 18.
Rf1 Nf2+ 19. Rxf2 Bxf2 20. Bd2 Qe7 21. Rf1 Ba7 22. Nd4 Nd7 23. b4 a5 24. Nf5 Qf8 25.
Bc3 f6 26. bxa5 Nc5 27. Qc2 g6 28. Nd4 f5 29. Ba1 Ne4 30. Ne6 Rxe6 31. dxe6 Nf2+ 32.
Rxf2 Bxf2 33. Qc3 Kh7 34. Bxb7 Rb8 35. a6 Ba7 36. h3 Qe7 37. g4 Rg8 38. Bd5 fxg4 39.
hxg4 Qh4+ 40. Kg2 Qxg4+ 41. Kf1 Qxf4+ 42. Ke2 Qe5+ 43. Qxe5 dxe5 44. Bxe5 Bb6 45. e7 Re8 46. Bf6 Bc5 47. Bc6 1-0

[Event "*** Titled Tuesday Blitz"]
[Site "Chess.com"]
[Date "2020.11.10"]
[Round "4"]
[White "klimkoj"]
[Black "ambaixador"]
[Result "0-1"]
[WhiteElo "2626"]
[BlackElo "2456"]
[TimeControl "180+1"]
[EndTime "10:43:04 PST"]
[Termination "ambaixador won on time"]

1. e4 c6 2. d4 d5 3. exd5 cxd5 4. c4 Nf6 5. Nc3 Nc6 6. Bg5 g6 7. Bxf6 exf6 8. cxd5 Ne7 9. Bc4 Bg7 10. Nge2 O-O 11. O-O a6 12. a4 b6 13. Nf4 Bb7 14. Re1 Nf5 15. Qd2 Rc8 16. Ba2 Nd6 17. Qd3 Qc7 18.
g3 Rfd8 19. Ng2 f5 20. Re2 Nc4 21. Ne3 Nxb2 22. Rxb2 Qxc3 23. Qxc3 Rxc3 24. Rd1 Rd6 25. Rb4 h6 26. Rdb1 Rd3 27. Rxb6 Rxb6 28. Rxb6 Bxd4 29. Rxb7 Bxe3 30. d6 Rd1+ 31. Kg2 Rd2 32. Bxf7+ Kg7 33. Bc4+ Kf6 34. Kf3 Bxf2 35. Rf7+ Ke5 36. d7 Bc5 37. Bxa6 Bb6 38. Bb5 Ke6 39. Rg7 Kf6 40. Rg8 g5 41. g4 f4 42. Re8 Kf7 43. Re2 Rxe2 44. Kxe2 Ke7 45. Kf3 Ba5 46. h3 Bd8 47. Ke4 Ba5 48.
Kd5 Bd8 49. Kc6 f3 50. Kb7 f2 0-1

[Event "*** Titled Tuesday Blitz"]
[Site "Chess.com"]
[Date "2020.11.10"]
[Round "4"]
[White "Make_it_shine060"]
[Black "Atousa1"]
[Result "0-1"]
[WhiteElo "2196"]
[BlackElo "2412"]
[TimeControl "180+1"]
[EndTime "10:43:04 PST"]
[Termination "Atousa1 won by resignation"]

1. d4 Nf6 2. c4 e6 3. Nf3 d5 4.
Nc3 Be7 5. Bg5 O-O 6. Qc2 Nbd7 7.
cxd5 exd5 8. e3 c6 9. Bd3 Re8 10. O-O Nf8 11. h3 Be6 12. Rab1 a5 13. a3 N6d7 14.
Bxe7 Qxe7 15. b4 axb4 16. axb4 Qf6 17. Nd2 Ng6 18. b5 Nh4 19. Ne2 Bf5 20. Bxf5 Nxf5 21.
bxc6 bxc6 22. Rb7 Nf8 23. Rc1 Rac8 24. Rb6 Ne7 25. Nb3 Nd7 26. Rb7 Nf8 27. Nf4 Nfg6 28. Nxg6 hxg6 29. Na5 Red8 30. Rb6 Rd6 31. Qb3 Kh7 32.
Rb8 Rdd8 33. Rxc8 Rxc8 34. Qb7 Qd6 35. Rb1 c5 36. Rb6 Qd8 37. Nc6 Nxc6 38. Rxc6 Rxc6 39. Qxc6 c4 40. g3 f6 41. Kg2 g5 42. Kh2 Qa5 43.
Qc8 Qd2 44. Qf5+ Kh8 45. Qxd5 Qxf2+ 46. Kh1 Qf1+ 47. Kh2 Qe2+ 48. Kh1 c3 49. Qa8+ Kh7 50. Qe4+ Kh6 51. Qc6 c2 52. h4 Qd1+ 53. Kh2 c1=Q 54. hxg5+ Kxg5 55. Qd5+ Kh6 56. Qf5 Qh5+ 57. Qxh5+ Kxh5 0-1